 Dungeon Crawl Stone Soup version 0.21-a0-264-g3e31e41 (webtiles) character file.

18295 sausage the Basher (level 12, -4/159 HPs)
             Began as a Minotaur Berserker on Sept 9, 2017.
             Was an Elder of Trog.
             Slain by a two-headed ogre
             ... wielding a +0 giant club of flaming
              (11 damage)
             ... in a volcano.
             The game lasted 00:27:15 (13762 turns).

sausage the Basher (Minotaur Berserker)            Turns: 13762, Time: 00:27:16

Health: -4/159     AC: 17    Str: 32    XL:     12   Next: 26%
Magic:  11/11      EV:  9    Int:  4    God:    Trog [****..]
Gold:   463        SH: 13    Dex: 12    Spells: 11/11 levels left

rFire    . . .     SeeInvis .   F - +1 flail (venom)
rCold    + . .     Gourm    .   y - +0 shield
rNeg     . . .     Faith    .   g - +0 plate armour
rPois    .         Spirit   .   (helmet restricted)
rElec    .         Reflect  .   t - +1 cloak {MR+}
rCorr    .         Harm     .   (no gloves)
MR       +....                  (no boots)
Stlth    ..........             (no amulet)
HPRegen  0.36/turn              w - ring of protection from cold
MPRegen  0.12/turn              o - +2 ring of strength

@: berserking (expiring), very quick
A: retaliatory headbutt, horns 2
a: Berserk, Trog's Hand, Brothers in Arms, Burn Spellbooks, Renounce Religion


You were in a volcano.
You worshipped Trog.
Trog was greatly pleased with you.
You were hungry.

You visited 2 branches of the dungeon, and saw 13 of its levels.
You also visited: Volcano.

You collected 613 gold pieces.
You spent 150 gold pieces at shops.

Inventory:

Hand Weapons
 q - a +2 quarterstaff of chaos
 A - a +0 whip of freezing
 F - a +1 flail of venom (weapon)
Missiles
 x - 6 silver javelins (quivered)
Armour
 g - a +0 plate armour (worn)
 t - a +1 cloak of magic resistance (worn)
 y - a +0 shield (worn)
Jewellery
 i - an uncursed ring of stealth
 o - a +2 ring of strength (right hand)
 w - a ring of protection from cold (left hand)
 C - an uncursed ring of flight
Wands
 l - a wand of confusion (24/48)
 u - a wand of flame (48/48)
 E - a wand of random effects (26/48)
 L - a wand of digging (8/24)
Scrolls
 b - 5 scrolls of remove curse
 d - 2 scrolls of amnesia {unknown}
 e - a scroll of immolation
 h - 13 scrolls of identify
 j - a scroll of magic mapping
 p - 2 scrolls of teleportation
 D - a scroll of fog
 G - a scroll of enchant weapon {unknown}
 K - a scroll of enchant armour
Potions
 k - 2 potions of flight
 m - 2 potions of heal wounds {unknown}
 n - a potion of magic {unknown}
 r - a potion of degeneration {unknown}
 s - 3 potions of agility {unknown}
 v - 3 potions of curing {unknown}
 z - 3 potions of haste
 J - a potion of might
Miscellaneous
 H - a sack of spiders
Comestibles
 a - 5 meat rations
 c - 6 bread rations
 f - 5 fruits
 B - 7 royal jellies


   Skills:
 + Level 10.0 Fighting
 * Level 14.6 Maces & Flails
 + Level 11.9 Armour
 + Level 3.4 Dodging
 - Level 1.0 Stealth
 + Level 11.4 Shields


You had 11 spell levels left.
You didn't know any spells.

Dungeon Overview and Level Annotations

Branches:
Dungeon (12/15)            Temple (0/1) D:7            Lair (1/6) D:9
    Orc (0/2) D:10

Altars:
Gozag
Vehumet
Xom

Shops:
D:6 [[((*


Innate Abilities, Weirdness & Mutations

You reflexively headbutt those who attack you in melee.
You have a pair of horns on your head.


Message History

You kill the two-headed ogre!
Trog accepts your kill.
Your Fighting skill increases to level 10!
The ogre mage casts a spell at you. You resist with almost no effort.
Your ogre hits the two-headed ogre with a giant club!
The two-headed ogre dies!
Trog accepts your kill.
You bludgeon the two-headed ogre!!
The two-headed ogre is poisoned.
The two-headed ogre is heavily wounded.
You are too berserk!
Unknown command.
You are too berserk!
You barely miss the two-headed ogre. You headbutt the two-headed ogre!
The two-headed ogre is severely wounded.
The ogre mage mumbles some strange words.
The ogre mage seems to speed up.
You block the two-headed ogre's attack.
The two-headed ogre completely misses you.
The two-headed ogre hits you with a giant club of flaming!
You die...

#≈≈≈##..'.._..' .#
≈≈≈§#...#.....#...
§§§#...#######..
§§§#...'...).'...
§≈#...#..≈..#...
#...#8≈≈≈8#...
#.OpO.≈..'..#
≈≈#.O@O....'..#
≈≈≈##.#8...8#.##≈
≈≈≈≈###§....###≈≈
#≈≈≈≈≈§§....≈≈≈≈≈
#≈≈§§§§8§..8≈≈§§#
#≈§§§§§....≈≈##
###≈§≈§....≈≈#
#≈§≈8...8≈##
####.....##


You could see a hell knight, 2 two-headed ogres, an ogre mage and a friendly
ogre (berserk).

Vanquished Creatures
  The ghost of THUG4L1F3 the Cleaver, a journeyman MiGl of Okawaru (Volcano)
  Josephine (D:10)
  2 centaur warriors
  8 two-headed ogres
  Pikel (D:5)
  An ugly thing (D:9)
  A cyclops (D:11)
  A troll (D:10)
  Prince Ribbit (D:8)
  Sigmund (D:4)
  3 wyverns
  3 wraiths (D:10)
  A vampire (D:11)
  6 yaks
  Eustachio (D:6)
  A hungry ghost (D:7)
  A steam dragon (D:12)
  Edmund (D:6)
  3 water moccasins
  2 soldier ants (D:10)
  A porcupine (D:9)
  3 orc warriors
  2 sky beasts
  A black bear (D:10)
  3 ice beasts
  5 phantoms
  5 centaurs
  5 ogres
  2 crocodiles (D:9)
  7 bullfrogs
  4 scorpions
  A water moccasin skeleton (D:8)
  10 killer bees
  9 wights
  8 howler monkeys
  A crimson imp (D:10)
  2 bullfrog zombies
  2 bullfrog skeletons
  A centaur zombie (D:6)
  4 jellies
  Crazy Yiuf (D:3)
  3 orc priests
  7 hounds
  3 iguanas
  5 orc wizards
  10 worker ants
  2 hound skeletons
  11 adders
  3 gnolls (D:3)
  3 shadow imps
  An adder skeleton (D:6)
  An adder zombie (D:10)
  4 worms
  3 dart slugs
  4 leopard geckos
  21 orcs
  4 giant cockroaches
  6 goblins
  8 hobgoblins
  2 jackals (D:7)
  6 kobolds
  3 quokkas
  3 ball pythons
  6 bats
  2 frilled lizards (D:1)
  A leopard gecko skeleton (D:6)
  A leopard gecko zombie (D:6)
  A quokka skeleton (D:4)
  6 rats
  A bush (D:3)
248 creatures vanquished.

Vanquished Creatures (collateral kills)
  A two-headed ogre (Volcano)
1 creature vanquished.

Vanquished Creatures (others)
  A sky beast (D:5)
  A slave (D:5)
  An ogre (D:5)
  4 fungi (D:9)
7 creatures vanquished.

Grand Total: 256 creatures vanquished

Notes
Turn   | Place    | Note
-------+----------+-------------------------------------------
     0 | D:1      | sausage the Minotaur Berserker began the quest for the Orb.
     0 | D:1      | Reached XP level 1. HP: 19/19 MP: 0/0
   165 | D:1      | Reached skill level 4 in Maces & Flails
   165 | D:1      | Reached XP level 2. HP: 27/27 MP: 1/1
   202 | D:1      | Found a shimmering altar of Xom.
   571 | D:1      | Reached XP level 3. HP: 33/33 MP: 2/2
  1107 | D:2      | Reached ** piety under Trog
  1356 | D:2      | Reached XP level 4. HP: 36/41 MP: 3/3
  1702 | D:3      | Reached skill level 5 in Maces & Flails
  2079 | D:3      | Noticed a phantom
  2123 | D:3      | Killed a phantom
  2123 | D:3      | Reached XP level 5. HP: 30/47 MP: 4/4
  2375 | D:3      | Reached skill level 6 in Maces & Flails
  2638 | D:3      | Found a runed door.
  2643 | D:3      | Noticed Crazy Yiuf
  2646 | D:3      | Killed Crazy Yiuf
  2646 | D:3      | Reached skill level 5 in Fighting
  2912 | D:4      | Reached XP level 6. HP: 56/56 MP: 5/5
  3217 | D:4      | Reached skill level 7 in Maces & Flails
  3282 | D:4      | Noticed Sigmund
  3283 | D:4      | Found a radiant altar of Vehumet.
  3291 | D:4      | Killed Sigmund
  3291 | D:4      | Reached XP level 7. HP: 61/61 MP: 6/6
  3508 | D:4      | Reached skill level 8 in Maces & Flails
  3638 | D:5      | Entered Level 5 of the Dungeon
  3673 | D:5      | Reached skill level 5 in Armour
  3724 | D:5      | Reached skill level 9 in Maces & Flails
  3724 | D:5      | Reached XP level 8. HP: 52/70 MP: 7/7
  3731 | D:5      | Noticed Pikel
  3757 | D:5      | Killed Pikel
  3956 | D:5      | Reached *** piety under Trog
  4795 | D:6      | Found Wopum's Weapon Shoppe.
  4803 | D:6      | Found Ukag's Antique Armour Emporium.
  4824 | D:6      | Noticed Eustachio
  4825 | D:6      | Bought a runed cloak for 150 gold pieces
  4862 | D:6      | Killed Eustachio
  4862 | D:6      | Reached skill level 10 in Maces & Flails
  5013 | D:6      | Reached XP level 9. HP: 44/79 MP: 8/8
  5292 | D:6      | Found Teihos's Assorted Antiques.
  5652 | D:6      | Found Higraef's Antique Weapon Boutique.
  5820 | D:6      | Found an opulent altar of Gozag.
  6079 | D:6      | Found Ywky's Armour Shoppe.
  6168 | D:6      | Noticed Edmund
  6175 | D:6      | Killed Edmund
  6767 | D:7      | Reached skill level 5 in Shields
  7082 | D:7      | Reached skill level 1 in Stealth
  7434 | D:7      | Found a staircase to the Ecumenical Temple.
  8199 | D:8      | Noticed a two-headed ogre
  8218 | D:8      | Killed a two-headed ogre
  8218 | D:8      | Reached XP level 10. HP: 8/89 MP: 9/9
  8593 | D:8      | Noticed Prince Ribbit
  8862 | D:8      | Killed Prince Ribbit
  8862 | D:8      | Reached skill level 11 in Maces & Flails
  9115 | D:9      | Reached skill level 10 in Armour
  9225 | D:9      | Reached **** piety under Trog
  9637 | D:9      | Noticed a red ugly thing
  9662 | D:9      | Killed a red ugly thing
  9941 | D:9      | Noticed a two-headed ogre
  9956 | D:9      | Killed a two-headed ogre
 10337 | D:9      | Found a staircase to the Lair.
 10437 | D:10     | Entered Level 10 of the Dungeon
 10596 | D:10     | Found a staircase to the Orcish Mines.
 10914 | D:10     | Reached XP level 11. HP: 97/97 MP: 10/10
 11026 | D:10     | Noticed Josephine
 11029 | D:10     | Noticed a two-headed ogre
 11037 | D:10     | Killed Josephine
 11037 | D:10     | Reached skill level 10 in Shields
 11053 | D:10     | Killed a two-headed ogre
 11053 | D:10     | Reached skill level 12 in Maces & Flails
 11059 | D:10     | HP: 3/145 [wraith[Josephine] (6)]
 11981 | D:11     | Noticed a centaur warrior
 11998 | D:11     | Killed a centaur warrior
 12060 | D:11     | Noticed a two-headed ogre
 12320 | D:11     | Killed a two-headed ogre
 12320 | D:11     | Reached skill level 13 in Maces & Flails
 12582 | D:11     | Noticed a two-headed ogre
 12588 | D:11     | Killed a two-headed ogre
 13043 | D:11     | Reached ***** piety under Trog
 13138 | D:12     | Noticed a centaur warrior
 13157 | D:12     | Killed a centaur warrior
 13160 | D:12     | Reached skill level 14 in Maces & Flails
 13447 | Lair:1   | Entered Level 1 of the Lair of Beasts
 13455 | Lair:1   | Found a dark tunnel.
 13463 | Volcano  | Entered a volcano
 13474 | Volcano  | Noticed THUG4L1F3's ghost (journeyman MiGl)
 13498 | Volcano  | Killed THUG4L1F3's ghost
 13498 | Volcano  | Reached XP level 12. HP: 106/106 MP: 11/11
 13740 | Volcano  | Noticed a two-headed ogre
 13741 | Volcano  | Found a bloodstained altar of Trog.
 13741 | Volcano  | Noticed a two-headed ogre
 13742 | Volcano  | Noticed a two-headed ogre
 13742 | Volcano  | Noticed a two-headed ogre
 13743 | Volcano  | Noticed a two-headed ogre
 13743 | Volcano  | Noticed a two-headed ogre
 13743 | Volcano  | Noticed an ogre mage
 13747 | Volcano  | Killed a two-headed ogre
 13753 | Volcano  | Killed a two-headed ogre
 13759 | Volcano  | HP: 7/159 [two-headed ogre/giant club of flaming (8)]
 13760 | Volcano  | Killed a two-headed ogre
 13760 | Volcano  | Reached skill level 10 in Fighting
 13760 | Volcano  | Killed a two-headed ogre
 13762 | Volcano  | Slain by a two-headed ogre

Vault maps used:
D:1:      evilmike_arrival_fibonacci_small, xom_teletrap_fun
D:2:      guppyfry_early_lair_pool
D:3:      uniq_crazy_yiuf_cottage
D:4:      vehumet_altar_wand_db, uniq_sigmund
D:5:      first_bread, dk_rats_in_the_wall, uniq_pikel
D:6:      grunt_gozag_breadcrumbs, serial_shops, kennysheep_mini, shop, shop,
          shop, nicolae_shop_stone, uniq_eustachio, uniq_edmund
D:7:      minmay_temple_entry_grid
D:8:      uniq_prince_ribbit1
D:9:      grunt_lair_entry_orc_guard_hut
D:10:     orc_0_dummy, hangedman_pestilent_swarm, grunt_ministairs_9,
          uniq_josephine
D:12:     serial_shops, nicolae_shop_stone
Lair:1:   nicolae_volcano_entry_two_sided, grunt_megastairs_4,
          serial_bayou_shore_a
Volcano:  kennysheep_volcano_temple

Skill      XL: |  1  2  3  4  5  6  7  8  9 10 11 12 |
---------------+-------------------------------------+-----
Maces & Flails | 4 5 6 7 9 10 11 14 | 14.6
Fighting       | 4 5 6 7 8 9 10 | 10.0
Armour         | 3 4 5 7 9 10 11 | 11.9
Dodging        | 3 |  3.4
Shields        | 3 6 9 11 | 11.4
Stealth        | 1 |  1.0

Action                   |  1- 3 |  4- 6 |  7- 9 | 10-12 || total
-------------------------+-------+-------+-------+-------++-------
Melee: Mace              |    83 |   151 |    70 |       ||   304
       Headbutt          |    13 |    45 |    82 |   121 ||   261
       Whip              |       |       |   320 |   194 ||   514
       Flail             |       |       |       |   318 ||   318
Invok: Berserk           |       |     2 |     4 |     4 ||    10
       Burn Spellbooks   |       |       |     1 |     1 ||     2
       Trog's Hand       |       |       |     1 |       ||     1
       Brothers in Arms  |       |       |       |     1 ||     1
  Use: Scroll            |       |       |    11 |     1 ||    12
  Eat: Chunk             |     1 |     4 |    11 |    12 ||    28
       Fruit             |       |     4 |     4 |     1 ||     9
       Royal jelly       |       |       |     1 |     5 ||     6
       Bread ration      |       |       |     1 |       ||     1
Armor: Ring mail         |    15 |       |       |       ||    15
       Plate armour      |    38 |    63 |   216 |   201 ||   518
Dodge: Dodged            |    39 |    32 |    88 |   106 ||   265
Block: Shield            |       |       |   110 |   279 ||   389

Table legend:
 A = Spawn XP
 B = Non-spawn XP
 C = Spawn XP percentage of total XP
 D = Spawn monster count
 E = Non-spawn monster count
 F = Spawn count percentage of total count
 G = Total turns spent on level
                    A         B        C        D         E        F      G
               +---------+---------+-------+---------+---------+-------+---------
         Total |       0 |   26137 |   0.0 |       0 |     248 |   0.0 | 13762
               +---------+---------+-------+---------+---------+-------+---------
           D:1 |       0 |      43 |   0.0 |       0 |      23 |   0.0 |   706
           D:2 |       0 |      61 |   0.0 |       0 |      14 |   0.0 |   821
           D:3 |       0 |     268 |   0.0 |       0 |      18 |   0.0 |  1313
           D:4 |       0 |     684 |   0.0 |       0 |      19 |   0.0 |   798
           D:5 |       0 |    1270 |   0.0 |       0 |      13 |   0.0 |  1125
           D:6 |       0 |    1470 |   0.0 |       0 |      28 |   0.0 |  1855
           D:7 |       0 |    1117 |   0.0 |       0 |      19 |   0.0 |  1486
           D:8 |       0 |    1896 |   0.0 |       0 |      12 |   0.0 |  1002
           D:9 |       0 |    3135 |   0.0 |       0 |      26 |   0.0 |  1737
          D:10 |       0 |    4133 |   0.0 |       0 |      26 |   0.0 |   923
          D:11 |       0 |    6181 |   0.0 |       0 |      37 |   0.0 |  1372
          D:12 |       0 |    1515 |   0.0 |       0 |       8 |   0.0 |   309
       Volcano |       0 |    4364 |   0.0 |       0 |       5 |   0.0 |   299
               +---------+---------+-------+---------+---------+-------+---------
